 Dungeon Crawl Stone Soup version 0.28.0-47-ge53b351184 (webtiles) character file.

Game seed: 6048899191409701505

130 pkoi the Twirler (level 4, 0/55 HPs)
             Began as a Demigod Gladiator on May 7, 2022.
             Slain by a gnoll
             ... wielding a +0 whip
              (1 damage)
             ... on level 3 of the Dungeon.
             The game lasted 00:02:36 (2964 turns).

pkoi the Twirler (Demigod Gladiator)                Turns: 2964, Time: 00:02:37

Health: 0/55       AC: 10    Str: 12 (15) XL:     4   Next: 59%
Magic:  6/6        EV:  6    Int: 11 (14) God:
Gold:   118        SH:  0    Dex: 14 (15) Spells: 3/3 levels left

rFire   + . .      SeeInvis .   e - +4 whip (elec)
rCold   + . .      Faith    .   (no shield)
rNeg    . . .      Spirit   .   q - +0 chain mail
rPois   +          Reflect  .   c - +0 helmet
rElec   +          Harm     .   h - +0 cloak
rCorr   +          Rampage  .   (no gloves)
Will    +....                   (no boots)
Stlth   ..........              (no amulet)
HPRegen 0.18/turn               g - ring of willpower
MPRegen 0.10/turn               i - +4 ring of slaying

@: berserking, resistant, very quick
A: high MP 1, forlorn, divine attributes
a: no special abilities


You were on level 3 of the Dungeon.
You visited 1 branch of the dungeon, and saw 3 of its levels.

You collected 118 gold pieces.

Inventory:

Hand Weapons
 a - a +0 quarterstaff
 e - a +4 whip of electrocution (weapon)
Missiles
 d - 3 throwing nets (quivered)
 k - 3 javelins
 n - 8 poisoned darts
Armour
 b - a +0 leather armour
 c - a +0 helmet (worn)
 h - a +0 cloak (worn)
 q - a +0 chain mail (worn)
Jewellery
 g - a ring of willpower (left hand)
 i - a +4 ring of slaying (right hand)
Scrolls
 l - a scroll of identify
 p - a scroll of holy word {unknown}
Potions
 m - a potion of degeneration


   Skills:
 + Level 2.7 Fighting
 + Level 3.5 Staves
 - Level 1.7 Throwing
 + Level 1.8 Armour
 + Level 3.4 Dodging


You had 3 spell levels left.
You didn't know any spells.
Your spell library contained the following spells:

 Spells                   Type           Power      Damage    Failure   Level
 Freeze                   Ice            0%         1d3       100%        1
 Frozen Ramparts          Ice            0%         1d2       100%        3
 Hailstorm                Conj/Ice       0%         3d3       100%        4


Dungeon Overview and Level Annotations

Branches:
Dungeon (3/15)


Innate Abilities, Weirdness & Mutations

You have an increased reservoir of magic. (+10% MP)
You shall have no god before yourself.
Your divine heritage dramatically boosts your attributes as you level up.


Message History

Unknown command.
You barely miss the gnoll. The gnoll hits you but does no damage.
The gnoll hits you with a +0 flail!
* * * LOW HITPOINT WARNING * * *
You hit the gnoll but do no damage. You punch the gnoll.
The gnoll is moderately wounded.
The gnoll hits you but does no damage. The gnoll hits you with a +0 flail!
* * * LOW HITPOINT WARNING * * *
You hit the gnoll.
The gnoll is moderately wounded.
The gnoll hits you with a +0 whip.
* * * LOW HITPOINT WARNING * * *
The gnoll hits you with a +0 flail.
* * * LOW HITPOINT WARNING * * *
Unknown command.
You closely miss the gnoll.
The gnoll is moderately wounded.
The gnoll hits you with a +0 whip.
* * * LOW HITPOINT WARNING * * *
The gnoll hits you with a +0 flail.
* * * LOW HITPOINT WARNING * * *
Unknown command.
You feel better. The gnoll hits you with a +0 whip.
* * * LOW HITPOINT WARNING * * *
The gnoll hits you with a +0 flail.
* * * LOW HITPOINT WARNING * * *
It was a potion of resistance.
You feel protected. The gnoll hits you but does no damage.
The gnoll hits you with a +0 flail.
* * * LOW HITPOINT WARNING * * *
It was a potion of degeneration.
There was something very wrong with that liquid.
You feel weakened.
You feel dopey.
You feel clumsy. The gnoll barely misses you.
The gnoll hits you with a +0 flail.
* * * LOW HITPOINT WARNING * * *
It was a potion of berserk rage.
A red film seems to cover your vision as you go berserk!
You feel yourself moving faster!
You feel mighty! The gnoll hits you with a +0 whip.
You die...

....†..........
............... . ..
............... .#.#
.######.....## #.... .# .#
#.###.# #.... .# ## #.# .#
#.##.##.# #.###.# #.# ....# ##
#######.....#####.###...# ..
.......†...###..@g..#...#.#
...####.#.####.##g...)....##.#
#..####.#.........#....)......
......>...####.##.#.......####
#..####.#...........#...#.#
#.....>#......#...# ..
.......####.####......## ##
#.####.# .......#.##.# #.#
##.####.#.##.#


You could see 2 gnolls.

Vanquished Creatures
  Robin (D:2)
  2 gnolls (D:3)
  3 adders
  A worm (D:2)
  3 dart slugs
  An orc (D:2)
  5 ball pythons
  5 endoplasms
  5 giant cockroaches
  6 hobgoblins
  3 quokkas (D:1)
  9 bats
  4 frilled lizards
  7 goblins (D:2)
  4 kobolds
  2 rats
61 creatures vanquished.

Notes
Turn   | Place    | Note
-------+----------+-------------------------------------------
     0 | D:1      | pkoi the Demigod Gladiator began the quest for the Orb.
     0 | D:1      | Reached XP level 1. HP: 17/17 MP: 3/3
   594 | D:1      | Reached XP level 2. HP: 23/24 MP: 4/4
   875 | D:1      | Reached skill level 1 in Armour
  1150 | D:2      | Reached XP level 3. HP: 28/29 MP: 5/5
  1657 | D:2      | Noticed Robin
  1667 | D:2      | Killed Robin
  2522 | D:2      | Reached XP level 4. HP: 34/37 MP: 6/6
  2954 | D:3      | HP: 1/37 [gnoll/+0 flail (2)]
  2963 | D:3      | HP: 1/37 [gnoll/+0 flail (5)]
  2964 | D:3      | Slain by a gnoll

Illustrated notes

Levels and vault maps discovered:
D:1:      psy_arrival_whirlpool, layout_rooms,
          hellmonk_ecumenical_altar_lost_god, patterned_corridor
D:2:      layout_basic, minivault_27, item_on_display_a, uniq_robin
D:3:      layout_loops_cross

Skill      XL: |  1  2 |
---------------+-------+-----
Fighting       | 2 |  2.7
Staves         | 3 |  3.5
Dodging        | 3 |  3.4
Armour         | 1 |  1.8
Throwing       | |  1.7

Action                   |  1- 3 |  4- 6 || total
-------------------------+-------+-------++-------
Melee: Quarterstaff      |    21 |       ||    21
       Whip              |    95 |    33 ||   128
       Punch             |     1 |     1 ||     2
  Use: Scroll            |       |     4 ||     4
       Potion            |       |     4 ||     4
 Stab: Sleeping          |     1 |       ||     1
Armor: Leather armour    |    44 |       ||    44
       Chain mail        |     1 |    25 ||    26
Dodge: Dodged            |    75 |    13 ||    88
